 Dungeon Crawl Stone Soup version 0.25-a0-890-g62861fb195 (webtiles) character file.

Game seed: 1071964135248079830, levelgen mode: classic

1383 EnegeticOcto the Slasher (level 8, -1/57 HPs)
             Began as an Octopode Fighter on May 2, 2020.
             Was a Follower of Okawaru.
             Slain by a sky beast (5 damage)
             ... on level 7 of the Dungeon.
             The game lasted 00:04:09 (6339 turns).

EnegeticOcto the Slasher (Octopode Fighter)         Turns: 6339, Time: 00:04:09

Health: -1/57      AC:  1    Str: 15    XL:     8   Next: 67%
Magic:  9/9        EV: 11    Int: 11    God:    Okawaru [*.....]
Gold:   347        SH: 15    Dex: 17    Spells: 7/7 levels left

rFire    + . .     SeeInvis .   A - +1 falchion (elec)
rCold    . . .     Gourm    .   v - +1 tower shield
rNeg     + . .     Faith    .   (helmet restricted)
rPois    .         Spirit   .   (no amulet)
rElec    .         Reflect  .   f - ring of protection from fire
rCorr    .         Harm     .   h - ring of stealth
MR       +....                  C - +4 ring of dexterity
Stlth    ++++......             p - ring of protection from magic
HPRegen  0.19/turn              t - ring of positive energy
MPRegen  0.11/turn              (no ring)
                                (no ring)
                                (no ring)

@: no status effects
A: almost no armour, stealthy swim, amphibious, 8 rings, constrict 8, camouflage
1, gelatinous body 1
a: Heroism, Renounce Religion


You were on level 7 of the Dungeon.
You worshipped Okawaru.
Okawaru was aware of your devotion.
You were not hungry.

You visited 2 branches of the dungeon, and saw 8 of its levels.

You collected 347 gold pieces.

Inventory:

Hand Weapons
 a - a +1 long sword
 A - a +1 falchion of electrocution (weapon)
Missiles
 B - a throwing net (quivered)
Armour
 v - a +1 tower shield (worn)
Jewellery
 f - a ring of protection from fire (left tentacle)
 h - a ring of stealth (right tentacle)
 p - a ring of protection from magic (on tentacle)
 t - a ring of positive energy (on tentacle)
 C - a +4 ring of dexterity (on tentacle)
Wands
 b - a wand of iceblast (15)
 w - a wand of paralysis (11)
 x - a wand of acid (7) {@v1}
 y - a wand of disintegration (5)
Scrolls
 c - a scroll of magic mapping {@r5}
 g - 2 scrolls of immolation {@r4}
 l - 2 scrolls of remove curse {@r6}
 m - a scroll of fog
 n - 4 scrolls of teleportation {@r2}
 q - 3 scrolls of enchant weapon
 G - a scroll of blinking {@r3}
Potions
 d - 2 potions of magic
 i - a potion of degeneration {unknown}
 j - 2 potions of stabbing {@q5}
 k - 5 potions of might {@q3}
 o - a potion of cancellation
 r - 2 potions of ambrosia
 s - 2 potions of heal wounds {@q2}
 z - a potion of curing {unknown}
 D - a potion of haste {unknown}
 E - a potion of invisibility {unknown}
Miscellaneous
 u - a lightning rod (4/4)
Comestibles
 e - 7 rations
 F - a chunk of flesh


   Skills:
 + Level 5.8 Fighting
 * Level 7.3 Long Blades
 - Level 3.0 Dodging
 + Level 5.7 Shields
 + Level 2.6 Invocations


You had 7 spell levels left.
You didn't know any spells.
Your spell library contained the following spells:

 Spells                   Type           Power        Failure   Level  Hunger
 Animate Skeleton         Necr           N/A          99%         1    ##.....
 Apportation              Tloc           #.....       99%         1    ##.....
 Beastly Appendage        Tmut           #.....       99%         1    ##.....
 Corona                   Hex            #......      99%         1    ##.....
 Freeze                   Ice            #...         99%         1    ##.....
 Summon Small Mammal      Summ           #...         99%         1    ##.....
 Sticks to Snakes         Tmut           #.......     100%        2    ###....
 Frozen Ramparts          Ice            #.....       100%        3    ####...
 Ozocubu's Armour         Chrm/Ice       #.......     100%        3    ####...
 Spider Form              Tmut/Pois      #.........   100%        3    ####...
 Hailstorm                Conj/Ice       #.......     100%        4    #####..
 Ice Form                 Ice/Tmut       #.......     100%        4    #####..
 Summon Ice Beast         Ice/Summ       #.......     100%        4    #####..
 Blade Hands              Tmut           #.........   100%        5    ######.


Dungeon Overview and Level Annotations

Branches:
Dungeon (7/15)             Temple (1/1) D:5

Altars:
Ashenzari
Cheibriados
Dithmenos
Fedhas
Gozag
Hepliaklqana
Kikubaaqudgha
Makhleb
Nemelex Xobeh
Okawaru
Qazlal
Ru
Sif Muna
Trog
Uskayaw
Vehumet
Wu Jian
Xom
Yredelemnul
Zin
The Shining One

Portals:
Abyss: D:5

Annotations:
D:4 2 transporters, Prakerore's ghost, weakling OpTm
D:5 2 transporters, Flugkiller's ghost, novice DsWr


Innate Abilities, Weirdness & Mutations

You cannot wear most types of armour.
You are very stealthy in the water. (Stealth+)
You are amphibious.
You can wear up to eight rings at the same time.
You can use your tentacles to constrict eight enemies at once.
Your skin changes colour to match your surroundings (Stealth+).
Your rubbery body absorbs attacks. (AC +1, EV +1)


Message History

No target in view!
No target in view!
No target in view!
No target in view!
e - 7 rations (gained 1)
A shadow imp comes into view.
A shadow imp is nearby!
A shadow imp is nearby!
The helpless shadow imp fails to defend itself.
You hit the shadow imp but do no damage.
Your grab misses the shadow imp. You block the shadow imp's attack.
The shadow imp misses you.
You riposte.
You hit the shadow imp.
Lightning courses through the shadow imp!
You kill the shadow imp!
Okawaru accepts your kill.
No target in view!
No target in view!
No target in view!
You now have 347 gold pieces (gained 15).
A quokka comes into view.
A quokka is nearby!
You block the quokka's attack.
Your shield prevents you from hitting the quokka.
Your grab misses the quokka. You block the quokka's attack.
You closely miss the quokka. Your grab misses the quokka. The quokka bites you.
You block the quokka's attack.
You slash the quokka! Lightning courses through the quokka!
You kill the quokka!
Okawaru accepts your kill.
No target in view!
No target in view!
No target in view!
You butcher the quokka corpse.
F - a chunk of flesh You see here a quokka skeleton. x2
An adder zombie comes into view.
An adder zombie is nearby!
An adder zombie is nearby!
Found a scroll of blinking.
The helpless adder zombie fails to defend itself.
You slash the adder zombie! Your grab misses the adder zombie.
The adder zombie is heavily damaged.
You block the adder zombie's attack.
You hit the adder zombie. You grab the adder zombie.
The adder zombie is heavily damaged.
You constrict the adder zombie. The adder zombie barely misses you.
You hit the adder zombie.
Lightning courses through the adder zombie!!
You destroy the adder zombie!
Okawaru accepts your kill.
No target in view!
No target in view!
No target in view!
G - a scroll of blinking {@r3} A sky beast comes into view.
A sky beast is nearby!
The helpless sky beast fails to defend itself.
You hit the sky beast.
The sky beast is lightly wounded.
You block the sky beast's attack.
You barely miss the sky beast.
The sky beast is lightly wounded.
The sky beast flickers out of sight!
Deactivating autopickup; reactivate with Ctrl-A.
Something hits you. Something shocks you.
No target in view!
No target in view!
No target in view!
No target in view!
No target in view!
There is a strange disturbance nearby!
There is a strange disturbance nearby!
You hit something. Something hits you. Something shocks you.
Evoke which item? (* to show all) (? for menu, Esc to quit)
Aiming: Disintegrate
Press: ? - help, Shift-Dir - straight line, f - you Something is blasted!
Something hits you. Something shocks you.
Evoke which item? (* to show all) (? for menu, Esc to quit)
Aiming: Disintegrate
Press: ? - help, Shift-Dir - straight line, f - you Nothing appears to happen.
Something hits you. Something shocks you.
Evoke which item? (* to show all) (? for menu, Esc to quit)
Aiming: Disintegrate
Press: ? - help, Shift-Dir - straight line, f - you Nothing appears to happen.
Something hits you. Something shocks you.
* * * LOW HITPOINT WARNING * * *
Evoke which item? (* to show all) (? for menu, Esc to quit)
Aiming: Disintegrate
Press: ? - help, Shift-Dir - straight line, f - you Nothing appears to happen.
Something hits you.
* * * LOW HITPOINT WARNING * * *
Something shocks you.
* * * LOW HITPOINT WARNING * * *
Evoke which item? (* to show all) (? for menu, Esc to quit)
Aiming: Disintegrate
Press: ? - help, Shift-Dir - straight line, f - you Nothing appears to happen.
Something hits you.
* * * LOW HITPOINT WARNING * * *
Something shocks you.
You die...

#..##....####รท# .#
#.....##.# #.# .#
#..#####.####.######.##
....#
#..............#####
##.#.
#..###.#............ #
# #..# #.#.###...####
#..# #.#.# #.#.#
#####..###.#.# #.#.#
........@{.#..# #.#.#
######..###.###
#.#.##### #..#
#........ #...
..#####.##### ##.#
...........# #..
........##.# ###
.#########.# #.# #.#


There were no monsters in sight!

Vanquished Creatures
  A sky beast (D:6)
  2 ogres
  A phantom (D:7)
  A centaur (D:6)
  2 scorpions
  A crimson imp (D:5)
  A jelly (D:5)
  2 orc priests
  3 orc wizards
  A gnoll shaman (D:6)
  An iguana (D:5)
  A bullfrog skeleton (D:4)
  Ijyb (D:5)
  3 worker ants
  A hound zombie (D:7)
  13 gnolls
  A howler monkey skeleton (D:6)
  13 adders
  3 shadow imps
  An ooze (D:1)
  An adder zombie (D:7)
  An adder skeleton (D:4)
  5 worms
  2 dart slugs
  4 leopard geckos
  33 orcs
  10 bats
  6 giant cockroaches
  4 hobgoblins
  2 jackals (D:3)
  8 kobolds
  6 quokkas
  3 ball pythons
  8 frilled lizards
  12 goblins
  A leopard gecko zombie (D:6)
  7 rats
166 creatures vanquished.

Notes
Turn   | Place    | Note
-------+----------+-------------------------------------------
     0 | D:1      | EnegeticOcto the Octopode Fighter began the quest for the
                  | Orb.
     0 | D:1      | Reached XP level 1. HP: 16/16 MP: 1/1
    86 | D:1      | Reached XP level 2. HP: 20/21 MP: 2/2
   442 | D:1      | Reached XP level 3. HP: 24/26 MP: 3/3
   708 | D:2      | Reached skill level 3 in Long Blades
  1230 | D:3      | Reached XP level 4. HP: 31/31 MP: 4/4
  1470 | D:3      | Reached skill level 4 in Long Blades
  1470 | D:3      | Reached XP level 5. HP: 33/37 MP: 5/5
  1893 | D:3      | Reached XP level 6. HP: 43/43 MP: 6/6
  2612 | D:4      | Reached skill level 5 in Long Blades
  2877 | D:4      | Reached XP level 7. HP: 44/49 MP: 7/7
  2944 | D:4      | Found a transporter.
  2947 | D:4      | Noticed Prakerore's ghost (weakling OpTm)
  3431 | D:4      | Found a transporter.
  3522 | D:5      | Entered Level 5 of the Dungeon
  3537 | D:5      | Found a staircase to the Ecumenical Temple.
  3622 | Temple   | Entered the Ecumenical Temple
  3866 | Temple   | Became a worshipper of Warmaster Okawaru
  3906 | D:5      | Noticed a toenail golem
  3919 | D:5      | Found a one-way gate to the infinite horrors of the Abyss.
  3919 | D:5      | Noticed Flugkiller's ghost (novice DsWr)
  3969 | D:5      | Reached skill level 5 in Fighting
  4087 | D:5      | Reached skill level 6 in Long Blades
  4298 | D:5      | Noticed Ijyb
  4302 | D:5      | Reached skill level 5 in Shields
  4306 | D:5      | Killed Ijyb
  4507 | D:5      | Found a transporter.
  4544 | D:5      | Found a transporter.
  4853 | D:6      | Reached skill level 1 in Invocations
  4853 | D:6      | Reached XP level 8. HP: 42/55 MP: 8/8
  5178 | D:6      | Found a sacrificial altar of Ru.
  5200 | D:6      | Reached * piety under Okawaru
  5440 | D:6      | Found a sacrificial altar of Ru.
  5442 | D:6      | Found an ancient bone altar of Kikubaaqudgha.
  5444 | D:6      | Found an ornate altar of the Wu Jian Council.
  5445 | D:6      | Found a hide-covered altar of Uskayaw.
  5446 | D:6      | Found a hazy altar of Hepliaklqana.
  5447 | D:6      | Found a burning altar of Makhleb.
  5450 | D:6      | Found a shimmering altar of Xom.
  5525 | D:6      | Reached skill level 7 in Long Blades
  6339 | D:7      | Slain by a sky beast

Levels and vault maps discovered:
D:1:      lightli_arrival_flooded_house, layout_basic, minmay_tromino_v7
D:2:      layout_basic, first_ration
D:3:      minmay_diamond_boxcup, layout_basic, serial_bayou_pond_d,
          minmay_pentangle
D:4:      layout_basic, gammafunk_ghost_stat_death
D:5:      layout_loops_ring, minmay_temple_entry_glass,
          gammafunk_ghost_abyssal_escape, uniq_ijyb
D:6:      layout_loops_ring, minitemple, nicolae_ru_awakened_eye
D:7:      layout_loops_ring, elyvilon_altar_3, the_bakery, lemuel_flame_loot_1
Temple:   minmay_temple_curvy_branch

Skill      XL: |  1  2  3  4  5  6  7  8 |
---------------+-------------------------+-----
Long Blades    | 3 4 5 6 7 |  7.3
Fighting       | 4 5 |  5.8
Shields        | 4 5 |  5.7
Invocations    | 1 2 |  2.6
Dodging        | |  3.0

Action                   |  1- 3 |  4- 6 |  7- 9 || total
-------------------------+-------+-------+-------++-------
Melee: Long sword        |    57 |   110 |    75 ||   242
       Constrict         |    21 |    38 |    36 ||    95
       Tentacles         |     9 |    34 |    34 ||    77
       Falchion          |       |       |    69 ||    69
Evoke: Wand              |       |       |     6 ||     6
  Use: Potion            |       |     2 |       ||     2
       Scroll            |       |     8 |     3 ||    11
 Stab: Sleeping          |    10 |    17 |    17 ||    44
       Distracted        |       |     1 |     1 ||     2
  Eat: Chunk             |     1 |     5 |    11 ||    17
Armor: Skin              |     5 |     4 |     3 ||    12
Dodge: Dodged            |    19 |    31 |    32 ||    82
Block: Kite shield       |    26 |    18 |       ||    44
       Tower shield      |       |    25 |    93 ||   118
       Rpst.: Long sword |     5 |    12 |     6 ||    23
       Falchion          |       |       |     4 ||     4

Table legend:
 A = Non-vault XP
 B = Vault XP
 C = Vault XP percentage of total XP
 D = Non-vault monster count
 E = Vault monster count
 F = Vault count percentage of total count
                 A         B        C        D         E       F
            +---------+---------+-------+---------+---------+-------
      Total |    1847 |     129 |   6.5 |     146 |      20 |  12.0
            +---------+---------+-------+---------+---------+-------
        D:1 |      39 |       2 |   4.9 |      19 |       2 |   9.5
        D:2 |      39 |       0 |   0.0 |      13 |       0 |   0.0
        D:3 |     245 |      92 |  27.3 |      39 |      17 |  30.4
        D:4 |     447 |       0 |   0.0 |      30 |       0 |   0.0
        D:5 |     183 |      35 |  16.1 |       9 |       1 |  10.0
        D:6 |     722 |       0 |   0.0 |      30 |       0 |   0.0
        D:7 |     172 |       0 |   0.0 |       6 |       0 |   0.0
            +---------+---------+-------+---------+---------+-------
